[Event "*** Titled Tuesday 3|2 Blitz"]
[Site "Chess.com"]
[Date "2016.02.02"]
[Round "7"]
[White "Zkid"]
[Black "Mornar1951"]
[Result "1-0"]
[WhiteElo "2503"]
[BlackElo "2584"]
[TimeControl "180+2"]
[EndTime "18:22:23 PST"]
[Termination "Zkid won by checkmate"]

1. e4 c5 2. Nf3 e6 3. d4 cxd4 4. Nxd4 a6 5. Nc3 Qc7 6. Bd3 Nf6 7.
Qe2 d6 8. f4 Nbd7 9. Bd2 Be7 10. g4 O-O 11. g5 Ne8 12. h4 Nc5 13. h5 b5 14. g6 b4 15. Nd1 Nxd3+ 16. cxd3 e5 17. Nf3 Bg4 18. Ne3 Bxf3 19. Qxf3 fxg6 20. Nd5 Qd8 21. hxg6 h6 22. Qh3 Nc7 23. Nxc7 Qxc7 24. Qe6+ Kh8 25. f5 Rae8 26. Qb3 Qd8 27. Rh5 d5 28.
Ke2 Rf6 29. Rah1 Bf8 30. Bg5 dxe4 31. dxe4 Qa8 32. Rxh6+ gxh6 33. Bxf6+ Bg7 34. Rxh6# 1-0

[Event "*** Titled Tuesday 3|2 Blitz"]
[Site "Chess.com"]
[Date "2016.02.02"]
[Round "7"]
[White "AndreyOstrovskiy"]
[Black "SenseiJulio"]
[Result "0-1"]
[WhiteElo "2455"]
[BlackElo "2545"]
[TimeControl "180+2"]
[EndTime "18:23:47 PST"]
[Termination "SenseiJulio won by resignation"]

1. e4 e6 2. d4 d5 3. Nc3 Nf6 4. e5 Nfd7 5. f4 c5 6. Nf3 Nc6 7. Be3 Be7 8. Qd2 O-O 9. Bd3 f6 10. exf6 Bxf6 11. Be2 cxd4 12. Nxd4 Bxd4 13. Bxd4 e5 14.
Bf2 d4 15. Nd5 Nc5 16. c4 Ne4 17. Qc2 Nxf2 18. Kxf2 exf4 19. Rhe1 Ne5 20. Qb3 Qh4+ 21. Kg1 d3 22. c5 dxe2 23. Rxe2 Nf7 24. Rf1 Bg4 25.
Ref2 f3 26. Qc4 Ne5 27. Qd4 Rae8 28. gxf3 Qg5 29. fxg4 Rxf2 30. Rxf2 Nxg4 31. Rg2 Qc1+ 0-1

[Event "*** Titled Tuesday 3|2 Blitz"]
[Site "Chess.com"]
[Date "2016.02.02"]
[Round "7"]
[White "Dlugy"]
[Black "yurisolo"]
[Result "1/2-1/2"]
[WhiteElo "2571"]
[BlackElo "2495"]
[TimeControl "180+2"]
[EndTime "18:24:18 PST"]
[Termination "Game drawn by repetition"]

1. d4 d5 2. Bf4 c5 3. e3 Nc6 4. c3 Nf6 5. Nd2 Bf5 6. Qb3 Qb6 7. dxc5 Qxb3 8. axb3 e5 9. Bg5 Bxc5 10. Bxf6 gxf6 11. Ngf3 Ke7 12. Nh4 Bg6 13. g3 d4 14. exd4 exd4 15. Bg2 dxc3 16. bxc3 Rhd8 17. Ne4 Bb6 18. O-O f5 19.
Ng5 Rd3 20. Rac1 Kf6 21. Nh3 Rad8 22. Nf4 Rd2 23. Nf3 Rb2 24. h4 h6 25. b4 a5 26.
bxa5 Nxa5 27. c4 Nb3 28. Rce1 Bc5 29. Re2 Rxe2 30. Nxe2 Nd2 31. Nxd2 Rxd2 32. Nf4 b6 33. Bf3 Rc2 34. Bd5 Bd6 35. Rb1 Bc5 36. Nd3 Bd4 37. Rf1 Bh7 38. Nf4 Bg6 39. Kg2 Be5 40. Rb1 Bd4 41.
Rf1 Be5 42. Nd3 Bd4 43. Nf4 Be5 1/2-1/2

[Event "*** Titled Tuesday 3|2 Blitz"]
[Site "Chess.com"]
[Date "2016.02.02"]
[Round "7"]
[White "TheMagician"]
[Black "brauliocuarta"]
[Result "1-0"]
[WhiteElo "2135"]
[BlackElo "1977"]
[TimeControl "180+2"]
[EndTime "18:24:28 PST"]
[Termination "TheMagician won by resignation"]

1. e4 c5 2. Nf3 e6 3. d4 cxd4 4. Nxd4 a6 5. f4 Qc7 6. Bd3 Nc6 7.
Nf3 Bc5 8. Qe2 Nf6 9. c3 b5 10. Be3 Qb6 11. Bxc5 Qxc5 12. a3 Bb7 13. Nbd2 d6 14.
Nb3 Qb6 15. Qf2 Qc7 16. Qh4 O-O-O 17. O-O d5 18. e5 Ne4 19. Bxe4 dxe4 20. Nfd4 Na5 21.
Nxa5 Qxa5 22. Qf2 Kb8 23. Qe3 h5 24. Rfd1 h4 25. Nb3 Qc7 26. Nc5 h3 27. g3 Rd5 28.
Rxd5 exd5 29. Rd1 Rd8 30. b4 Qc6 31. Qd4 f6 32. Kf2 fxe5 33. Qxe5+ Ka8 34. Rd4 Re8 35. Qh5 e3+ 36. Ke1 Re7 37. Qg5 Qe8 38. Nxb7 Rxb7 39. Qxd5 Ka7 40. Re4 Qc8 41. Qd4+ Ka8 42. Re5 Rd7 43.
Qxe3 Qd8 44. Re8 Rd1+ 45. Ke2 Rd2+ 46. Kf3 Rd3 47. Rxd8+ Rxd8 48. Qb6 Rd3+ 49. Kg4 Rxc3 50. Qxa6+ Kb8 51. Qxb5+ 1-0

[Event "*** Titled Tuesday 3|2 Blitz"]
[Site "Chess.com"]
[Date "2016.02.02"]
[Round "7"]
[White "DanielRensch"]
[Black "jcibarra"]
[Result "1-0"]
[WhiteElo "2346"]
[BlackElo "2481"]
[TimeControl "180+2"]
[EndTime "18:24:29 PST"]
[Termination "DanielRensch won by resignation"]

1. d4 d5 2. Nc3 Nf6 3. Bf4 a6 4.
e3 Nc6 5. a3 Bf5 6. Nf3 e6 7.
Bd3 Bg4 8. h3 Bh5 9. g4 Bg6 10.
Ne5 Nxe5 11. Bxe5 c5 12. Qf3 Nd7 13. Bxg6 hxg6 14. O-O-O Nxe5 15. dxe5 Qc7 16. Qf4 O-O-O 17. g5 c4 18. h4 Bc5 19. Ne2 b5 20. c3 a5 21. Nd4 Qb7 22. Kd2 Rd7 23. Ke2 Kb8 24.
Rh3 Rc8 25. Kf1 b4 26. axb4 axb4 27. Kg2 Qa6 28. Rhh1 b3 29. Ra1 Qb6 30. Ra4 Ra7 31.
Rha1 Rxa4 32. Rxa4 Rc7 33. Qf3 Rb7 34. h5 gxh5 35. Qxh5 Bxd4 36. Qh8+ Kc7 37. exd4 Ra7 38. Rb4 Qxb4 39. cxb4 Ra2 40. Qxg7 c3 41. Qxf7+ Kb8 42. Qe8+ Kb7 43. Qd7+ Kb8 44. Qb5+ Ka8 45. Qc6+ Kb8 46. Qxc3 1-0

[Event "*** Titled Tuesday 3|2 Blitz"]
[Site "Chess.com"]
[Date "2016.02.02"]
[Round "7"]
[White "ZEN-22"]
[Black "ruifeng"]
[Result "0-1"]
[WhiteElo "2368"]
[BlackElo "2330"]
[TimeControl "180+2"]
[EndTime "18:24:41 PST"]
[Termination "ruifeng won by checkmate"]

1. e4 c5 2. b4 Nc6 3. bxc5 e5 4. f4 Bxc5 5. Nf3 d6 6. c3 Nf6 7. d4 exd4 8. cxd4 Bb4+ 9. Bd2 O-O 10. Bxb4 Nxb4 11.
Nc3 Re8 12. Qb1 Qa5 13. Kf2 Nc6 14. e5 Ng4+ 15. Kg3 Qxc3 16. Bd3 h6 17. Rc1 Qb4 18.
Qxb4 Nxb4 19. Bb5 Rd8 20. h3 Ne3 21. Kf2 Nf5 22. g4 Ne7 23. a3 Nbd5 24. exd6 Rxd6 25.
Kg3 Bd7 26. Bxd7 Rxd7 27. Ne5 Rd6 28. Rab1 b6 29. a4 f6 30. Nc4 Rd7 31. a5 bxa5 32. Nxa5 Nb6 33. Rb4 Rad8 34. f5 Kf7 35. Nb3 Ned5 36.
Rb5 Re8 37. Nc5 Re3+ 38. Kh4 Rc7 39. Ra1 Ne7 40. Rb3 g5+ 41. fxg6+ Nxg6+ 42. Kh5 Rxc5+ 43. dxc5 Rxb3 44. Rxa7+ Ne7 45. h4 Nd5 46. Kxh6 Rc3 47.
g5 fxg5 48. Kxg5 Rxc5 49. h5 Nf6+ 50. Kf4 Rxh5 51. Ra1 Rh4+ 52. Kg3 Nf5+ 53. Kf3 Nd5 54. Ra7+ Ke6 55. Ra6+ Ke5 56. Ra5 Rh3+ 57. Kg4 Rg3+ 58. Kh5 Nd6 59. Kh6 Rg1 60. Kh5 Ke6 61. Kh6 Ne7 62.
Ra6 Ke5 63. Ra5+ Kf6 64. Kh5 Nef5 65. Rxf5+ Kxf5 66. Kh6 Rg5 67. Kh7 Kf6 68. Kh8 Nf7+ 69. Kh7 Rg7# 0-1

[Event "*** Titled Tuesday 3|2 Blitz"]
[Site "Chess.com"]
[Date "2016.02.02"]
[Round "7"]
[White "spirals5"]
[Black "kharposh"]
[Result "0-1"]
[WhiteElo "2191"]
[BlackElo "2052"]
[TimeControl "180+2"]
[EndTime "18:24:54 PST"]
[Termination "kharposh won by resignation"]

1. e4 e5 2. Nf3 Nc6 3. Bb5 Nf6 4. d3 d6 5. O-O g6 6. h3 Bg7 7. c4 O-O 8. Be3 Nh5 9. Bxc6 bxc6 10. Qd2 c5 11.
Nc3 f6 12. Bh6 Bxh6 13. Qxh6 Ng7 14. Nh2 Ne6 15. g3 Ng5 16. h4 Nf7 17. Qd2 Bh3 18.
Rfe1 Qd7 19. Nd5 Nd8 20. f4 c6 21. Nc3 Ne6 22. Nf3 Bg4 23. Nh2 Bh3 24. Re2 Nd4 25.
Rf2 Kg7 26. Ne2 Rab8 27. Nxd4 cxd4 28. b3 c5 29. Re1 Ra8 30. fxe5 dxe5 31. Qa5 Qd6 32.
Rf3 f5 33. exf5 Rxf5 34. Rxf5 Bxf5 35. Qd2 e4 36. Qf4 Qxf4 37. gxf4 exd3 38. Kf2 a5 39.
Nf3 a4 40. Rd1 axb3 41. axb3 Ra2+ 42. Rd2 Rxd2+ 43. Nxd2 Kf6 44. Nf1 Bg4 45. Ke1 Kf5 46.
Kd2 Be2 47. Ng3+ Kxf4 48. Nxe2+ dxe2 49. Kxe2 Ke4 50. Kd2 d3 51. Kc3 Ke3 52. b4 cxb4+ 53. Kxb4 d2 54. c5 d1=Q 55. Kb5 Qg4 56. c6 Qxh4 57. c7 Qg4 58. Kb6 Qc8 0-1

[Event "*** Titled Tuesday 3|2 Blitz"]
[Site "Chess.com"]
[Date "2016.02.02"]
[Round "7"]
[White "Silent_Terror"]
[Black "Jahonas"]
[Result "1-0"]
[WhiteElo "2502"]
[BlackElo "2193"]
[TimeControl "180+2"]
[EndTime "18:24:57 PST"]
[Termination "Silent_Terror won on time"]

1. e4 c5 2. Nf3 d6 3. d4 cxd4 4. Nxd4 Nf6 5. Nc3 a6 6. Be2 e5 7. Nb3 Be7 8. Be3 Be6 9. Qd3 Nbd7 10. Nd5 Bxd5 11. exd5 b5 12. a4 bxa4 13. Rxa4 O-O 14.
Na5 Nc5 15. Bxc5 dxc5 16. Nc6 Qd7 17. c4 Bd6 18. O-O e4 19. Qe3 Qc7 20. Qh3 Qb6 21.
Qc3 Rfc8 22. Rfa1 h6 23. R4a2 Rc7 24. Qa5 Qb7 25. b4 cxb4 26. c5 Nxd5 27. cxd6 Rxc6 28. Rd2 Rxd6 29. Bc4 Nb6 30. Rxd6 Nxc4 31. Rd8+ Kh7 32. Qf5+ g6 33. Qf6 Rxd8 34. Qxd8 b3 35. Qd4 b2 36. Rb1 Qb3 37. Qd5 Kg8 38. Qd8+ Kg7 39.
Qd4+ Kh7 40. Qd5 Kg8 41. Qd8+ Kh7 42. Qd5 Na5 43. Qxb3 Nxb3 44. Rxb2 Nd4 45. Ra2 Kg7 46. Rxa6 f5 47. Kf1 1-0

[Event "*** Titled Tuesday 3|2 Blitz"]
[Site "Chess.com"]
[Date "2016.02.02"]
[Round "7"]
[White "davidarenas1224"]
[Black "Assasin14"]
[Result "1-0"]
[WhiteElo "2103"]
[BlackElo "2009"]
[TimeControl "180+2"]
[EndTime "18:24:58 PST"]
[Termination "davidarenas1224 won by resignation"]

1. e4 c5 2. Nf3 d6 3. d4 cxd4 4.
Nxd4 Nf6 5. Nc3 a6 6. f3 e5 7.
Nb3 Be6 8. Be3 Nbd7 9. g4 Rc8 10.
Qd2 b5 11. g5 Nh5 12. O-O-O Nb6 13. Na5 b4 14. Nb1 Qc7 15. Bxa6 Ra8 16. Bb5+ Nd7 17.
Nb3 Rxa2 18. Qxb4 d5 19. Bc5 d4 20. Bxf8 Rxf8 21. Nxd4 exd4 22. Rxd4 Qa5 23. Qc5 Qa8 24. Rhd1 Ra7 25. Rd6 Nf4 26. Qe5 Ne2+ 27. Kd2 Nc3 28. Nxc3 Rb7 29. Bxd7+ Rxd7 30. Rxd7 Kxd7 31. Kc1+ Ke7 32.
Qd6+ Ke8 33. Kb1 Qc8 34. Nd5 Bxd5 35. exd5 f6 36. Re1+ Kf7 37. Re7+ Kg6 38. Rc7 Qf5 39. Qxf8 Qxf3 40. Qxg7+ Kh5 41. Qxh7+ Kxg5 42. Rg7+ Kf4 43. Qh4+ Ke5 44. Qg3+ Qxg3 45. hxg3 Kxd5 46. Re7 Kd6 47.
Re1 Kd5 48. b4 Kc4 49. Re6 f5 50. Rf6 Kxb4 51. Rxf5 Kc3 52. g4 Kd4 53. g5 Ke4 54. Rf1 Ke5 55. g6 Ke6 56. g7 Ke7 57. g8=Q Kd6 58.
Qg5 1-0

[Event "*** Titled Tuesday 3|2 Blitz"]
[Site "Chess.com"]
[Date "2016.02.02"]
[Round "7"]
[White "DeviatkinAndrey"]
[Black "Malev212"]
[Result "1-0"]
[WhiteElo "2456"]
[BlackElo "2330"]
[TimeControl "180+2"]
[EndTime "18:24:59 PST"]
[Termination "DeviatkinAndrey won on time"]

1. d4 Nf6 2. Nf3 e6 3. Bg5 h6 4. Bh4 d6 5. h3 Nbd7 6. c4 g5 7. Bg3 Bg7 8. Nc3 a6 9. e3 b6 10.
Bd3 Bb7 11. Qe2 Qe7 12. a4 Nh5 13. Bh2 a5 14. Nb5 Rc8 15. O-O f5 16. d5 Nc5 17.
Nfd4 Nf6 18. Nxe6 Nxe6 19. dxe6 Ne4 20. f3 Nc5 21. Bxf5 O-O 22. e4 Nxe6 23. Rad1 Nf4 24. Qd2 Rce8 25. Bxf4 gxf4 26. Qxf4 Bc8 27. b3 Rf7 28.
Rd3 h5 29. Kh1 Be5 30. Qh6 Rxf5 31. exf5 Bxf5 32. Rdd1 Qh4 33. Qd2 Bf4 34. Qf2 Bg3 35. Qd4 Bf4 36. Qd5+ Be6 37. Qc6 Rf8 38. Qe4 Bf5 39.
Qe1 Bg3 40. Qe2 Rf7 41. Rd4 Qf6 42. Re4 Bxe4 43. Qxe4 Kg7 44. Nd4 h4 45. f4 1-0

[Event "*** Titled Tuesday 3|2 Blitz"]
[Site "Chess.com"]
[Date "2016.02.02"]
[Round "7"]
[White "JusticeBot"]
[Black "chessking2151"]
[Result "1-0"]
[WhiteElo "2430"]
[BlackElo "2248"]
[TimeControl "180+2"]
[EndTime "18:25:05 PST"]
[Termination "JusticeBot won by checkmate"]

1. e4 e5 2. Nf3 Nc6 3. Bc4 Nf6 4. d3 Be7 5. O-O O-O 6. Re1 d6 7. c3 Na5 8. Bb5 a6 9. Ba4 b5 10. Bc2 c5 11. Nbd2 Rb8 12. Nf1 Nd7 13. Ne3 g6 14. Nd5 Bb7 15. Nxe7+ Qxe7 16. Bh6 Rfe8 17. Ng5 f6 18.
Nf3 d5 19. h4 Rbd8 20. Qc1 c4 21. b4 cxd3 22. Bxd3 dxe4 23. Bxe4 Bxe4 24. Rxe4 Nc4 25. a4 Ndb6 26. axb5 axb5 27. Re2 Qd6 28. Be3 Na4 29. Nd2 Qd3 30. Re1 Nxd2 31. Rd1 Nxc3 32. Rxd2 Ne2+ 33. Rxe2 Qxe2 34. Kh2 Qc4 35. Qb2 Qxh4+ 36. Kg1 Qc4 37. g3 Qf7 38. Ra5 Qd7 39. Kh2 Ra8 40.
Qa2+ Kg7 41. Rxa8 Re7 42. Ra7 Qe8 43. Qa5 g5 44. Rxe7+ Qxe7 45. Qxb5 Qe6 46. Qb7+ Kg6 47. Qc7 Qb3 48. Qb8 h5 49. b5 h4 50. gxh4 Qc4 51. Qe8+ Kf5 52. Qd7+ Kg6 53. h5+ Kh6 54.
b6 Qh4+ 55. Qh3 Qb4 56. Qf5 Qd6 57. Qg6# 1-0

[Event "*** Titled Tuesday 3|2 Blitz"]
[Site "Chess.com"]
[Date "2016.02.02"]
[Round "7"]
[White "Dr-Bassem"]
[Black "dretch"]
[Result "1/2-1/2"]
[WhiteElo "2491"]
[BlackElo "2483"]
[TimeControl "180+2"]
[EndTime "18:25:15 PST"]
[Termination "Game drawn by repetition"]

1. e4 e6 2. d3 d5 3. Nd2 c5 4. g3 Bd6 5. Bg2 Ne7 6. Ngf3 Nbc6 7. O-O O-O 8. Re1 Qc7 9. h4 Bd7 10. h5 b5 11. h6 g6 12. exd5 exd5 13. d4 c4 14. Nf1 Rfe8 15. Bg5 Nf5 16. Qd2 Re4 17. c3 Rae8 18. N3h2 Rxe1 19. Rxe1 Rxe1 20. Qxe1 Be7 21. Bxe7 Nfxe7 22. Qe3 Qd6 23. Qf3 Bf5 24. Ne3 Be4 25.
Qg4 Bxg2 26. Kxg2 f5 27. Qe2 Qe6 28. Nf3 Qe4 29. Kh2 Qe6 30. Ng5 Qd6 31. Ng2 Nd8 32. Nf4 Nf7 33. Nxf7 Kxf7 34. Nh3 Qf6 35. f4 Kg8 36. Ng5 Qd6 37. Kg2 Qd7 38. Qe5 Nc6 39. Qf6 b4 40. Nf3 a5 41. Ne5 Nxe5 42. fxe5 Qf7 43. Qd8+ Qf8 44. Qxd5+ Kh8 45. e6 Qxh6 46. Qe5+ Kg8 47. e7 Qd2+ 48. Kf3 Qd1+ 49. Kf2 Qd2+ 50. Kf3 Qd1+ 51. Kg2 Qd2+ 52. Kh3 Qh6+ 53. Kg2 Qd2+ 54. Kf3 1/2-1/2

[Event "*** Titled Tuesday 3|2 Blitz"]
[Site "Chess.com"]
[Date "2016.02.02"]
[Round "7"]
[White "Hikaru"]
[Black "Noukii"]
[Result "1/2-1/2"]
[WhiteElo "2828"]
[BlackElo "2717"]
[TimeControl "180+2"]
[EndTime "18:26:16 PST"]
[Termination "Game drawn by agreement"]

1. d4 d5 2. c4 c6 3. Nf3 Nf6 4. Nc3 e6 5. Bg5 h6 6. Bh4 dxc4 7. e4 b5 8. e5 g5 9. Bg3 Nd5 10. Nd2 Nd7 11. Be2 Bb7 12. Nde4 a6 13. Bh5 Be7 14. O-O Qb6 15. a4 Rf8 16. a5 Qa7 17. Nxd5 cxd5 18. Nd6+ Bxd6 19. exd6 O-O-O 20. Kh1 Nf6 21. Be5 Ne4 22. f3 Nxd6 23. Bf6 Nf5 24. Qd2 Bc6 25. Bg4 Nd6 26. Bxd8 Rxd8 27. Rfe1 Qc7 28. Re5 Kb7 29. Bh5 Bd7 30. Rae1 Rf8 31. Qb4 Rc8 32. R5e2 Nf5 33.
Qd2 Rf8 34. Bg4 Nd6 35. Qb4 Rc8 36. g3 Re8 37. Bh5 Rc8 38. Re5 Be8 39. Qc3 Kb8 40.
R5e2 Nb7 41. Ra1 Nd8 42. b4 Nc6 43. Rd1 Qe7 44. Rb2 f5 45. Bxe8 Rxe8 46. Re1 Qf6 47.
Rd2 Kc7 48. Kg2 Kd7 49. Kf2 h5 50. Ke2 f4 51. Kd1 Qf5 52. Kc1 Rf8 53. Rde2 Rf6 54. Kb2 Nd8 55. Re5 Qh3 56. Rxg5 Qxh2+ 57. Ka1 fxg3 58. Qe3 Qf2 59. Rg7+ Ke8 60. Qe5 g2 61.
Rxg2 Qxg2 62. Qxf6 Qd2 63. Rg1 Qc3+ 64. Kb1 Qb3+ 65. Ka1 Qc3+ 66. Kb1 Qb3+ 67. Ka1 1/2-1/2

[Event "*** Titled Tuesday 3|2 Blitz"]
[Site "Chess.com"]
[Date "2016.02.02"]
[Round "7"]
[White "gmjoey1"]
[Black "GM_Huschenbeth"]
[Result "0-1"]
[WhiteElo "2439"]
[BlackElo "2324"]
[TimeControl "180+2"]
[EndTime "18:26:23 PST"]
[Termination "GM_Huschenbeth won by resignation"]

1. e4 e6 2. d4 d5 3. Nc3 Bb4 4. e5 c5 5. a3 Bxc3+ 6. bxc3 Ne7 7. h4 Qc7 8. Nf3 b6 9. Bb5+ Bd7 10. Bd3 c4 11.
Be2 Ba4 12. h5 h6 13. O-O Nbc6 14. Nh4 O-O-O 15. f4 g6 16. hxg6 fxg6 17. Bg4 Qd7 18. Bh3 Rhg8 19. g4 h5 20. g5 Rdf8 21. Qe2 Rf7 22. Be3 Rgf8 23. Rf2 Nd8 24. Raf1 Qb5 25. Bc1 Qb1 26. Kh2 Kb7 27. Rg1 Ka6 28. f5 exf5 29.
e6 Rh7 30. Bf4 Qb2 31. Bd6 Qxc3 32. Nxg6 Nxg6 33. Bxf8 Nxf8 34. e7 Nde6 35. exf8=Q Nxf8 36. Qe5 Bxc2 37. g6 Nxg6 38. Rxg6 f4 39. Bf5 Bxf5 40. Qxf5 Qxd4 41. Qxf4 Qxf4+ 42. Rxf4 Rc7 43. Rg2 Kb5 44.
Rf5 Ka4 45. Rxd5 Kxa3 46. Rd1 c3 47. Rc2 Kb3 48. Rdc1 b5 49. Kg2 b4 50. Kf3 a5 51.
Ke4 a4 52. Kd4 a3 53. Re2 a2 54. Ra1 c2 55. Ree1 Kb2 56. Rec1 b3 57. Kd3 h4 58. Kd2 Rd7+ 59. Ke2 Kc3 60. Rh1 Re7+ 61. Kf2 b2 62. Rh3+ Kb4 63. Rxh4+ Kc5 64. Rh5+ Kb6 65. Rh6+ Kb7 66.
Rhh1 b1=Q 67. Rc1 Qb6+ 68. Kg3 Qg6+ 69. Kf4 Qf6+ 0-1

[Event "*** Titled Tuesday 3|2 Blitz"]
[Site "Chess.com"]
[Date "2016.02.02"]
[Round "7"]
[White "Recombinant"]
[Black "vellottiwizard"]
[Result "0-1"]
[WhiteElo "2215"]
[BlackElo "2398"]
[TimeControl "180+2"]
[EndTime "18:26:25 PST"]
[Termination "vellottiwizard won by resignation"]

1. d4 Nf6 2. c4 e6 3. Nc3 Bb4 4. e3 O-O 5. Ne2 d5 6. a3 Be7 7. Nf4 dxc4 8. Bxc4 c5 9. d5 e5 10. Nfe2 a6 11. a4 Ne8 12. O-O Nd6 13. b3 Nd7 14. a5 f5 15. f3 Nf6 16. Bb2 Qe8 17.
Na4 Nxc4 18. bxc4 Bd6 19. Nb6 Rb8 20. Ng3 Qg6 21. Qc2 e4 22. f4 Ng4 23. Qe2 Rf7 24.
h3 Nf6 25. Kh2 Nd7 26. Nxd7 Bxd7 27. Be5 Re8 28. Bc3 Qh6 29. Qh5 Qxh5 30. Nxh5 Bc8 31. Rab1 Bc7 32. Rfd1 Rd8 33. Rd2 Kf8 34. Rbd1 g6 35. Ng3 Bd6 36. Ne2 Re8 37. Nc1 g5 38.
g3 h5 39. h4 g4 40. Nb3 Rc7 41. Rb2 Bd7 42. Rdb1 Bc8 43. Nd2 Ke7 44. Rb6 Kd7 45. Bf6 Re7 46. Bxe7 Kxe7 47. Nf1 Rd7 48. Nd2 Rd8 49.
R1b2 Kd7 50. Rxd6+ Kxd6 51. Rb6+ Kc7 52. Rh6 Rd6 53.
Rh7+ Bd7 54. Rxh5 b6 55. axb6+ Rxb6 56. Kg1 a5 57. Rh8 Rb2 58. Nf1 a4 59. Ra8 Kb7 60.
Ra5 Kb6 61. Ra8 Kb7 62. Ra5 Be8 63. Rxc5 a3 64. Ra5 a2 65. c5 Bb5 66. c6+ Kb6 67. Ra3 Bxf1 68. Kxf1 Rb1+ 69. Ke2 a1=Q 70. Rxa1 Rxa1 71.
Kd2 Ra5 72. h5 Rxd5+ 73. Kc3 Kxc6 74. Kc4 Rd7 75. h6 Rh7 76. Kd4 Kd6 0-1

[Event "*** Titled Tuesday 3|2 Blitz"]
[Site "Chess.com"]
[Date "2016.02.02"]
[Round "7"]
[White "pKiLz5Rn9b"]
[Black "Anton_Demchenko"]
[Result "1-0"]
[WhiteElo "2377"]
[BlackElo "2612"]
[TimeControl "180+2"]
[EndTime "18:26:35 PST"]
[Termination "pKiLz5Rn9b won by checkmate"]

1. e4 e5 2. Nf3 Nc6 3. Bc4 Nf6 4. d3 h6 5. O-O d6 6. Re1 g6 7. c3 Bg7 8. Nbd2 O-O 9. Bb3 Nh7 10. Nf1 Kh8 11. d4 Bg4 12. d5 Ne7 13. h3 Bd7 14. Ng3 Qe8 15. Nh2 f5 16. exf5 gxf5 17. Bc2 Nf6 18.
c4 Qf7 19. f4 e4 20. Be3 Rg8 21. Nhf1 Qg6 22. Qe2 h5 23. Qf2 h4 24. Ne2 Qh7 25. Rad1 b6 26. Nd4 Rae8 27. b4 Ng6 28. Bb3 Nh5 29. Ne6 Bxe6 30. dxe6 Ng3 31. Nxg3 hxg3 32.
Qd2 Nh4 33. Rf1 Bf6 34. Qe2 Re7 35. c5 dxc5 36. bxc5 Qg6 37. Bd4 Bxd4+ 38. Rxd4 bxc5 39. Rdd1 Kh7 40. Qe3 Rgg7 41. Qxc5 Qh5 42. Qc2 Qh6 43. Qe2 Qf6 44. Rd2 Kh6 45. Rfd1 Rg8 46. Rd7 Rge8 47. Rxe7 Qxe7 48. Qe3 Rg8 49. Qxa7 Nf3+ 50. gxf3 exf3 51. Qe3 g2 52. Qxf3 Qc5+ 53. Qf2 Qc3 54. Qh4+ Kg6 55. Qg5+ Kh7 56. Qxf5+ Kh6 57. Qd3 Qc5+ 58. Qd4 Qf5 59. Qe3 Qh5 60. f5+ Kg7 61. Qe5+ Kh6 62. Qf6+ Kh7 63. Rd7+ Rg7 64. Qxg7# 1-0

[Event "*** Titled Tuesday 3|2 Blitz"]
[Site "Chess.com"]
[Date "2016.02.02"]
[Round "7"]
[White "GMHess"]
[Black "attack2mateU"]
[Result "1/2-1/2"]
[WhiteElo "2492"]
[BlackElo "2497"]
[TimeControl "180+2"]
[EndTime "18:26:39 PST"]
[Termination "Game drawn by agreement"]

1. b3 d5 2. Bb2 Bf5 3. Nf3 e6 4.
e3 Nd7 5. c4 c6 6. Nc3 h6 7. Be2 Ngf6 8. O-O Be7 9. d4 O-O 10.
Rc1 a5 11. c5 Qe8 12. Na4 Bd8 13. Ne1 e5 14. a3 Bc7 15. g3 Bh3 16. Ng2 Qe6 17.
Re1 e4 18. Nf4 Bxf4 19. exf4 Qf5 20. Rc3 h5 21. Bc1 g6 22. Qd2 Bg4 23. Bf1 Kg7 24. Nb2 Rh8 25. Nd1 Bxd1 26. Qxd1 h4 27. Bg2 Rh7 28.
h3 hxg3 29. Rxg3 Nh5 30. Rg5 Qf6 31. f5 Kh8 32. fxg6 fxg6 33. Qg4 Rf8 34. Be3 Rg7 35. Rf1 Nf4 36. h4 Nxg2 37. Qxg2 Qf3 38. Qh2 Nf6 39.
Rg3 Qf5 40. Qg2 Nh5 41. Rg5 Qf3 42. Kh2 Qxg2+ 43. Kxg2 Rf3 44. Rh1 Kh7 45. Rh3 Rgf7 46. Rxf3 Rxf3 47. Re5 Rf7 48. Kh3 Ng7 49. Kg4 Nf5 50. Kg5 Ng7 51. Kg4 Nf5 52. b4 a4 53.
b5 Nxe3+ 54. fxe3 Kh6 55. bxc6 bxc6 56. Re6 Rf3 57. h5 Rxe3 58. Rxg6+ Kh7 59. Rxc6 Rxa3 60. Rd6 Rd3 61. Rxd5 a3 62. c6 a2 63. Rd7+ Kh6 64. Rd6+ Kh7 65. Rd7+ Kh6 66. Ra7 Rxd4 67. Rxa2 Rc4 68.
Ra6 e3+ 69. Kf3 Rc3 70. c7+ Kxh5 71. Ra5+ Kg6 72. Ra3 Rxc7 73. Rxe3 1/2-1/2

[Event "*** Titled Tuesday 3|2 Blitz"]
[Site "Chess.com"]
[Date "2016.02.02"]
[Round "7"]
[White "gmcorrales"]
[Black "Gabrielian_Artur"]
[Result "1-0"]
[WhiteElo "2491"]
[BlackElo "2460"]
[TimeControl "180+2"]
[EndTime "18:27:19 PST"]
[Termination "gmcorrales won on time"]

1. e4 c5 2. Nf3 d6 3. d4 cxd4 4. Nxd4 Nf6 5. f3 e6 6. c4 Be7 7. Nc3 O-O 8. Be2 b6 9. O-O Bb7 10. Be3 Nbd7 11. Qd2 a6 12. Rfd1 Qc7 13. Rac1 Rac8 14.
b4 Rfd8 15. a3 Qb8 16. Bf2 Bf8 17. Bf1 Ne5 18. Na4 Ba8 19. Nb3 Ned7 20. Qe3 b5 21.
Nb6 Nxb6 22. Qxb6 Qxb6 23. Bxb6 Re8 24. cxb5 axb5 25. Bxb5 Rxc1 26. Rxc1 Rb8 27. Bc6 Rxb6 28. Bxa8 Ra6 29. Rc8 Rxa3 30. Nd4 g6 31. b5 Nd7 32.
Bc6 Nc5 33. b6 Ra1+ 34. Kf2 Rb1 35. Nb5 Rb2+ 36. Kg3 Kg7 37. Rc7 d5 38. e5 Na6 39.
Be8 Nxc7 40. bxc7 Rc2 41. Bd7 Bb4 42. c8=Q Be1+ 43. Kh3 Rxc8 44. Bxc8 g5 45. Bd7 h5 46. g3 Kg6 47. Be8 Kf5 48. Bxf7 g4+ 49. Kg2 gxf3+ 50. Kxf3 h4 51. g4+ Kxe5 52. Nc7 Kf6 53. Bg8 Bc3 54. Nxe6 h3 55. Nf4 d4 56. Bc4 Kg5 57. Bd3 Kh4 58.
Ne2 Ba5 59. Nxd4 Bc7 60. Nf5+ Kg5 61. Ng3 Bb8 62. Bf1 Kh4 63. Bb5 Bc7 64. Be2 Bb8 65.
Nf1 Bc7 66. Ke4 Kg5 67. Bf3 Bb8 68. Ng3 Bc7 69. Ke3 Bb8 70. Kf2 Bc7 71. Kg1 Bb8 72.
Bd1 Bc7 73. Ne4+ Kf4 74. Nf2 1-0

[Event "*** Titled Tuesday 3|2 Blitz"]
[Site "Chess.com"]
[Date "2016.02.02"]
[Round "7"]
[White "tac49"]
[Black "Zazuliak"]
[Result "1/2-1/2"]
[WhiteElo "2456"]
[BlackElo "2322"]
[TimeControl "180+2"]
[EndTime "18:28:05 PST"]
[Termination "Game drawn by repetition"]

1. e4 c5 2. Nf3 g6 3. d4 cxd4 4. Qxd4 Nf6 5. Nc3 Nc6 6. Qa4 d6 7. e5 dxe5 8. Nxe5 Bd7 9. Nxd7 Qxd7 10. Bb5 Bg7 11. O-O O-O 12. Bf4 Qf5 13. Bd3 Qh5 14. h3 Rfd8 15. Bg3 Nd5 16. Nxd5 Qxd5 17. Be4 Qd4 18.
Bxc6 bxc6 19. Qxc6 Qxb2 20. Rad1 Qxa2 21. Rd7 Rac8 22. Qb7 Bf6 23. Rfd1 Re8 24. Qxa7 Qxa7 25. Rxa7 Rxc2 26. Rdd7 h5 27. Rab7 Ra8 28. Rb8+ Rxb8 29. Bxb8 Rb2 30. Bf4 Kg7 31. Be3 g5 32. g3 Rb4 33.
Kg2 g4 34. hxg4 hxg4 35. Bf4 Kg6 36. Be3 Kf5 37. Rd5+ Kg6 38. Ra5 Re4 39. Ra6 Kf5 40. Ra5+ Re5 41. Ra6 Rd5 42. Ra4 Be5 43. Bf4 f6 44.
Be3 e6 45. Ra6 Rd3 46. Ra5 Rd5 47. Ra4 Bd6 48. Rc4 e5 49. Ra4 e4 50. Rc4 Be5 51.
Ra4 Ke6 52. Ra6+ Rd6 53. Ra4 f5 54. Ra5 Rd5 55. Ra6+ Rd6 56. Ra5 Bd4 57. Bxd4 Rxd4 58. Rb5 Rd2 59. Kf1 Kf6 60. Ra5 Rb2 61. Rc5 Rb3 62.
Kg2 Ke6 63. Ra5 Rd3 64. Kf1 Rd5 65. Ra4 Ke5 66. Kg2 f4 67. gxf4+ Kxf4 68. Ra3 Rd2 69. Rb3 Rd3 70. Rb8 Rd5 71. Rb3 Rg5 72. Rb8 Rf5 73. Re8 Rf6 74. Re7 Kf5 75. Re8 Re6 76. Rf8+ Kg5 77. Rg8+ Kf5 78. Rf8+ Ke5 79. Rg8 Kf5 80.
Rf8+ 1/2-1/2

[Event "*** Titled Tuesday 3|2 Blitz"]
[Site "Chess.com"]
[Date "2016.02.02"]
[Round "8"]
[White "ZEN-22"]
[Black "Malev212"]
[Result "1-0"]
[WhiteElo "2375"]
[BlackElo "2322"]
[TimeControl "180+2"]
[EndTime "18:32:05 PST"]
[Termination "ZEN-22 won by resignation"]

1. g3 d5 2. Bg2 c6 3. Nf3 Bg4 4. O-O e6 5. Ne5 Bh5 6. c4 Bd6 7. d4 Nf6 8. Nc3 Nbd7 9. Qb3 Rb8 10. Nxd7 Qxd7 11. Bg5 Be7 12. cxd5 exd5 13. Bxf6 Bxf6 14.
e3 O-O 15. Rfc1 Be7 16. Na4 Bd6 17. Nc5 Qe7 18. Rc3 f5 19. Rac1 Kh8 20. Qa4 a6 21.
Rb3 g5 22. Rb6 Be2 23. Qc2 Bb5 24. a4 Bc7 25. Rxb7 Rxb7 26. Nxb7 1-0

[Event "*** Titled Tuesday 3|2 Blitz"]
[Site "Chess.com"]
[Date "2016.02.02"]
[Round "8"]
[White "Kanthecarowin"]
[Black "Recombinant"]
[Result "1/2-1/2"]
[WhiteElo "2162"]
[BlackElo "2214"]
[TimeControl "180+2"]
[EndTime "18:33:40 PST"]
[Termination "Game drawn by agreement"]

1. d4 Nf6 2. c4 e6 3. Nc3 Bb4 4. Qc2 O-O 5. e4 d5 6. e5 Ne4 7. Bd3 c5 8. Ne2 cxd4 9. Nxd4 Nc6 10. Nxc6 bxc6 11. O-O Bxc3 12. bxc3 f5 13. cxd5 cxd5 14.
c4 Bb7 15. cxd5 Bxd5 16. Ba3 Rc8 17. Qa4 Qg5 18. Bxe4 Bxe4 19. f3 Qe3+ 20. Kh1 Bc6 21. Qb3 Qxb3 22. axb3 Rfd8 23. Bd6 Ra8 24. b4 a6 25.
Rfc1 Bb5 26. Rc7 Rd7 27. Rac1 Rad8 28. h4 Kf7 29. g4 g6 30. Kg2 Rxc7 31. Rxc7+ Rd7 32. Rc8 h5 33. Kg3 fxg4 34. fxg4 Be2 35. gxh5 gxh5 36. Kf4 Kg6 37. Rg8+ Rg7 38. Rf8 Rf7+ 39.
Rxf7 Kxf7 40. Kg5 Ke8 41. Kf6 Kd7 42. Kf7 Bg4 43. Kf6 Bf3 44. Kf7 Bg4 45. Kf6 Bd1 1/2-1/2